 Dungeon Crawl Stone Soup version 0.29-a0-362-g5854e031c7 (webtiles) character file.

Game seed: 8906864085247138161

8 Hubjo the Firebug (level 2, 0/15 HPs)
             Began as a Deep Elf Fire Elementalist on Apr 29, 2022.
             Slain by a hobgoblin (5 damage)
             ... on level 1 of the Dungeon.
             The game lasted 00:00:26 (771 turns).

Hubjo the Firebug (Deep Elf Fire Elementalist)       Turns: 771, Time: 00:00:26

Health: 0/15       AC:  2    Str:  5    XL:     2   Next: 0%
Magic:  6/8        EV: 12    Int: 19    God:
Gold:   25         SH:  0    Dex: 15    Spells: 6/7 levels left

rFire   . . .      SeeInvis .   d - +0 dagger
rCold   . . .      Faith    .   (no shield)
rNeg    . . .      Spirit   .   a - +0 robe
rPois   .          Reflect  .   (no helmet)
rElec   .          Harm     .   (no cloak)
rCorr   .          Rampage  .   (no gloves)
Will    .....                   (no boots)
Stlth   ++........              (no amulet)
HPRegen 0.05/turn               (no ring)
MPRegen 0.11/turn               (no ring)

@: no status effects
A: no striking features
a: no special abilities


You were on level 1 of the Dungeon.
You visited 1 branch of the dungeon, and saw 1 of its levels.

You collected 25 gold pieces.

Inventory:

Hand Weapons
 d - a +0 dagger (weapon)
Armour
 a - a +0 robe (worn)
Jewellery
 e - an amulet of faith
Scrolls
 c - 2 scrolls of teleportation {unknown}
Potions
 b - a potion of magic
 f - a potion of heal wounds {unknown}
 g - a potion of haste {unknown}


   Skills:
 + Level 2.6 Dodging
 + Level 2.6 Stealth
 + Level 3.2 Spellcasting
 + Level 1.3 Conjurations
 + Level 3.4 Fire Magic


You had 6 spell levels left.
You knew the following spells:

 Your Spells              Type           Power      Damage    Failure   Level
a - Foxfire               Conj/Fire      48%        2x1d6     5%          1

Your spell library contained the following spells:

 Spells                   Type           Power      Damage    Failure   Level
 Scorch                   Fire           32%        2d7       5%          2
 Conjure Flame            Conj/Fire      12%        6-21      17%         3
 Blink                    Tloc           6%         N/A       22%         2
 Inner Flame              Hex/Fire       9%         N/A       22%         3
 Lesser Beckoning         Tloc           3%         N/A       41%         3
 Flame Wave               Conj/Fire      12%        2d6       50%         4
 Manifold Assault         Tloc           3%         N/A       99%         5


Dungeon Overview and Level Annotations

Branches:
Dungeon (1/15)

Altars:


Message History

Your foxfire dissipates!
You miscast Foxfire.
Nothing appears to happen.
The foxfire hits the kobold.
The kobold is heavily wounded.
The foxfire hits the kobold.
You kill the kobold!
You have reached level 2!
Your foxfire dissipates! x2
Your magical contamination has completely faded away.
Things that are here:
a +0 dagger; 5 stones; a kobold corpse You now have 19 gold pieces (gained 1).
You now have 25 gold pieces (gained 6).
A hobgoblin comes into view.
The hobgoblin shouts!
An endoplasm comes into view.
There are monsters nearby!
There are monsters nearby!
There are monsters nearby!
You conjure some foxfire!
The hobgoblin misses you.
There is not enough space to conjure foxfire!
There is not enough space to conjure foxfire!
There is not enough space to conjure foxfire!
Your foxfire dissipates!
The hobgoblin attacks as you move away! The hobgoblin hits you.
The foxfire hits the hobgoblin.
The hobgoblin is moderately wounded.
You conjure some foxfire!
The hobgoblin hits you.
You barely miss the hobgoblin.
The hobgoblin is moderately wounded.
The hobgoblin hits you but does no damage.
You hit the hobgoblin.
The hobgoblin is heavily wounded.
The hobgoblin hits you.
You completely miss the hobgoblin.
The hobgoblin is heavily wounded.
The hobgoblin hits you.
You barely miss the hobgoblin.
The hobgoblin is heavily wounded.
The hobgoblin hits you.
You die...

........ #.##.#
.......#.#.##.####.#
..######...........#
.........#.#.#######
##########.#.## ..# .
#.#..######.#
#.#.####.#.##.##J..J.#
#.#.#....#.##.##g#
..#.#.........##@#
.##.######.#####v#
...........# #.#
.##...##########.#
......# #.......#
#.....####.#######
#...#...##.#
#...###.##.# #...#
#....#


You could see an endoplasm and a hobgoblin (ally target).

Vanquished Creatures
  An endoplasm (D:1)
  A goblin (D:1)
  A hobgoblin (D:1)
  2 kobolds (D:1)
  A bat (D:1)
  A rat (D:1)
7 creatures vanquished.

Vanquished Creatures (others)
  44 foxfires (D:1)
44 creatures vanquished.

Grand Total: 51 creatures vanquished

Notes
Turn   | Place    | Note
-------+----------+-------------------------------------------
     0 | D:1      | Hubjo the Deep Elf Fire Elementalist began the quest for
                  | the Orb.
     0 | D:1      | Reached XP level 1. HP: 10/10 MP: 6/6
   630 | D:1      | Reached XP level 2. HP: 15/15 MP: 1/8
   771 | D:1      | Slain by a hobgoblin

Illustrated notes

Levels and vault maps discovered:
D:1:      dpeg_arrival_boxorama, layout_basic, grunt_decor_arrowhead,
          minmay_misc_feat_four_crosses

Action                   || total
-------------------------++-------
Melee: Dagger            ||     5
 Cast: Foxfire           ||    27
Armor: Robe              ||     2
Dodge: Dodged            ||     3

Table legend: (Time is in decaauts)
 A = Elapsed time spent in this place.
 B = Non-inter-level travel time spent in this place.
 C = Inter-level travel time spent in this place.
 D = Time resting spent in this place.
 E = Time spent auto-exploring this place.
 F = Levels seen in this place.
 G = Mean time per level.
                   A        B        C        D        E       F      G
               +--------+--------+--------+--------+--------+-----+--------+
         Total |    770 |    770 |      0 |      0 |    703 |   1 |  770.0 |
       Dungeon |    770 |    770 |      0 |      0 |    703 |   1 |  770.0 |
               +--------+--------+--------+--------+--------+-----+--------+

Top non-repeatable levels by time:
     D:1: 770 daAuts
